Build Orders - Reakly anti-ghosting bureau is experiencing difficulties - cohdb - Company of Heroes 3 Replays
cohdb
Replays
Latest Replays
All Replays
Popular Replays
Top Player Replays
Match Explorer
How It Works
Community
CoH3 Stats
Reddit
Sign in to upload your games and track your stats! →
Sign in with Steam
Reakly anti-ghosting bureau is experiencing difficulties
Match 29414077
Overview
Messages
Build Orders
End
Engineer Squad
Construct Barracks
Riflemen Squad
Riflemen Squad
Riflemen Squad
Infantry Support Center
Construct Motor Pool
Selects Armored Battlegroup
Selects Veteran Crews
Selects Fast Deploy
Selects M31 Recovery Vehicle
M8 Greyhound Armored Car
Grenade Package
M24 Chaffee Light Tank
Construct Medical Station
Selects War Machine
M1 Anti-tank Gun Team
M1918 Browning Automatic Rifles
Riflemen Squad
M8 Greyhound Armored Car
Selects M8 Scott SPG
M24 Chaffee Light Tank
Riflemen Squad
Selects M4A3E8 Sherman Combat Group
M4A3E8 Sherman Combat Group
RtN.momo4sho
Reakly
0
0
Comments
sign in to comment!
No comments posted yet!